 Dungeon Crawl Stone Soup version 0.32-a0-379-g363f0df (webtiles) character file.

Game seed: 5130328211883585726

78 Nithhogg the Covered (level 4, -4/40 HPs)
             Began as a Mountain Dwarf Fighter on Feb 19, 2024.
             Slain by a gnoll
             ... wielding a +0 flail
              (7 damage)
             ... on level 2 of the Dungeon.
             The game lasted 00:01:40 (949 turns).

Nithhogg the Covered (Mountain Dwarf Fighter)        Turns: 949, Time: 00:01:40

Health: -4/40      AC:  7    Str: 21    XL:     4   Next: 15%
Magic:  5/5        EV:  9    Int:  8    God:
Gold:   82         SH:  0    Dex:  9    Spells: 3/3 levels left

rFire   . . .        a - +0 war axe
rCold   . . .        (no shield)
rNeg    . . .        b - +0 scale mail
rPois   .            (no helmet)
rElec   .            (no cloak)
rCorr   .            (no gloves)
SInv    .            (no boots)
Will    .....        (no amulet) Stlth
                     (no ring)
HPRegen 0.26/turn    (no ring)
MPRegen 0.09/turn

%: no passive effects
@: no status effects
A: runic magic, artefact enchanting
a: no special abilities


You were on level 2 of the Dungeon.
You visited 1 branch of the dungeon, and saw 2 of its levels.

You collected 82 gold pieces.

Inventory:

Hand Weapons
 a - a +0 war axe (weapon)
Missiles
 f - 2 darts of dispersal (quivered)
 j - 2 poisoned darts
Armour
 b - a +0 scale mail (worn)
 c - a +0 buckler
Scrolls
 e - a scroll of immolation
 g - a scroll of amnesia {unknown}
 h - a scroll of butterflies {unknown}
 k - 2 scrolls of teleportation {unknown}
 l - 4 scrolls of vulnerability {unknown}
Potions
 d - a potion of might
 i - a potion of resistance {unknown}


   Skills:
 + Level 3.9 Fighting
 + Level 3.4 Axes
 + Level 4.0 Armour
 - Level 3.2 Shields
 + Level 2.2 Invocations


You had 3 spell levels left.
You didn't know any spells.
Your spell library was empty.

Dungeon Overview and Level Annotations

Branches:
Dungeon (2/15)

Altars:


Innate Abilities, Weirdness & Mutations

Your spellcasting is much less encumbered by armour.
You can use scrolls of enchantment on lesser artefacts.


Message History

You see here a +0 short sword.
e - 2 scrolls labelled MIDAWAK SUR (gained 1)
You now have 82 gold pieces (gained 7).
A gnoll comes into view. It is wielding a +0 flail.
The gnoll shouts!
You hear a shout! x2
A gnoll is nearby!
Found a cloak.
A gnoll comes into view. It is wielding a +0 flail.
The gnoll shouts!
A gnoll comes into view. It is wielding a +0 club.
The gnoll shouts!
A gnoll comes into view. It is wielding a +0 spear.
The gnoll hits you with a +0 flail!
The gnoll shouts!
You hit the gnoll but do no damage. The gnoll hits you but does no damage.
You barely miss the gnoll. The gnoll hits you with a +0 flail.
You closely miss the gnoll. You slash the gnoll!
The gnoll hits you with a +0 flail. The gnoll hits you with a +0 flail!
You are too injured to fight recklessly!
You are too injured to fight recklessly!
You are too injured to fight recklessly!
You are too injured to fight recklessly!
You are too injured to fight recklessly!
You are too injured to fight recklessly!
You are too injured to fight recklessly!
You are too injured to fight recklessly!
The gnoll attacks as it pursues you! The gnoll hits you with a +0 flail.
The gnoll attacks as it pursues you! The gnoll hits you but does no damage.
The gnoll attacks as it pursues you! The gnoll barely misses you.
The gnoll attacks as it pursues you! The gnoll hits you with a +0 flail!
* * * LOW HITPOINT WARNING * * *
The gnoll attacks as it pursues you! The gnoll closely misses you.
The gnoll attacks as it pursues you! The gnoll hits you with a +0 flail.
* * * LOW HITPOINT WARNING * * *
The gnoll attacks as it pursues you! The gnoll barely misses you.
As you read the scroll labelled MIDAWAK SUR, it crumbles to dust.
The creatures around you are filled with an inner flame!
It was a scroll of immolation.
The gnoll misses you. The gnoll hits you with a +0 flail!
You die...

#...................##.......
##...........................
...#.†#####.#####............
##...........................
......###.....##..#.#).......
####..# ###.#.###...#........
#..### #.#.###............
#....# #....#..#...#.[....
#.##.# ####..@..........#.
#.##.######..gg.#####...#
#.##........(..g.## ##.#
#.................## .#
####............g..# .
###...........$...#
#.....................[..
###.#..................###.
#...#...............##..#


You could see 4 gnolls.

Vanquished Creatures
  An adder (D:2)
  2 endoplasms (D:2)
  4 giant cockroaches (D:1)
  2 hobgoblins (D:1)
  6 jackals (D:1)
  A quokka (D:1)
  4 ball pythons (D:1)
  6 bats
  2 frilled lizards
  3 goblins (D:1)
  5 kobolds
  5 rats
41 creatures vanquished.

Notes
Turn   | Place    | Note
-------+----------+-------------------------------------------
     0 | D:1      | Nithhogg the Mountain Dwarf Fighter began the quest for the
                  | Orb.
     0 | D:1      | Reached XP level 1. HP: 19/19 MP: 1/1
    78 | D:1      | Reached skill level 1 in Invocations
    78 | D:1      | Reached XP level 2. HP: 25/26 MP: 2/2
   524 | D:1      | Reached XP level 3. HP: 28/31 MP: 4/4
   878 | D:2      | Reached skill level 4 in Armour
   900 | D:2      | Reached XP level 4. HP: 38/40 MP: 5/5
   949 | D:2      | Slain by a gnoll

Illustrated notes

Levels and vault maps discovered:
D:1:      lemuel_arrival_funnel, layout_loops_cross
D:2:      layout_rooms, serial_shops, nicolae_shop_waterfront

Skill      XL: |  1  2  3 |
---------------+----------+-----
Invocations    | 1 2 |  2.2
Axes           | 3 |  3.4
Armour         | 4 |  4.0
Fighting       | |  3.9
Shields        | |  3.2

Action                     |  1- 3 |  4- 6 || total
---------------------------+-------+-------++-------
  Melee: War axe           |    89 |     6 ||    95
    Use: Scroll            |       |     1 ||     1
 Armour: Scale mail        |    75 |    12 ||    87
  Dodge: Dodged            |    58 |     6 ||    64

Table legend: (Time is in decaauts)
 A = Elapsed time spent in this place.
 B = Non-inter-level travel time spent in this place.
 C = Inter-level travel time spent in this place.
 D = Time resting spent in this place.
 E = Time spent auto-exploring this place.
 F = Levels seen in this place.
 G = Mean time per level.
                   A        B        C        D        E       F      G
               +--------+--------+--------+--------+--------+-----+--------+
         Total |    981 |    954 |     27 |      0 |    696 |   2 |  490.5 |
       Dungeon |    981 |    954 |     27 |      0 |    696 |   2 |  490.5 |
               +--------+--------+--------+--------+--------+-----+--------+

Top non-repeatable levels by time:
     D:1: 845 daAuts
     D:2: 135 daAuts
